 Dungeon Crawl Stone Soup version 0.27-a0-1191-g601b473118 (webtiles) character file.

Game seed: 6287787533955888396

2384 iforget the Thaumaturge (level 9, 0/55 HPs)
             Began as a Djinni Fire Elementalist on May 25, 2021.
             Was a Follower of the Shining One.
             Slain by a centaur warrior zombie (2 damage)
             ... on level 8 of the Dungeon.
             The game lasted 00:33:07 (9504 turns).

iforget the Thaumaturge (Djinni Fire Elementalist)  Turns: 9504, Time: 00:33:07

Health: 0/55       AC:  4    Str:  5 (8)  XL:     9   Next: 73%
Gold:   476        EV: 14    Int: 19 (22) God:    the Shining One [*.....] SH:  0 Dex: 12 (14)

rFire    + + +     SeeInvis .   v - staff of fire
rCold    . . .     Faith    .   (no shield)
rNeg     + . .     Spirit   .   k - +1 robe {Archmagi}
rPois    ∞         Reflect  .   (no helmet)
rElec    +         Harm     .   (no cloak)
rCorr    +         Rampage  .   e - +0 pair of gloves
Will     .....                  (boots unavailable)
Stlth    +.........             (no amulet)
HPRegen  0.18/turn              m - ring of positive energy
MPRegen  0.00/turn              p - ring "Asoumm" {rF+ Int+3}

@: brilliant, resistant, flying, glowing
A: sickness immunity, fire resistance 2, cold vulnerability 1, float, innate
caster, hp casting, extra vitality 1
a: Renounce Religion


You were on level 8 of the Dungeon.
You worshipped the Shining One.
The Shining One was aware of your devotion.
You visited 2 branches of the dungeon, and saw 9 of its levels.
You also visited: Sewer.

You collected 476 gold pieces.

Inventory:

Missiles
 d - 2 atropa-tipped darts
 q - 2 throwing nets
Armour
 e - a +0 pair of gloves (worn)
 k - a +1 robe of the Archmagi (worn)
 u - a +0 pair of boots
Magical Staves
 v - a staff of fire (weapon)
Jewellery
 m - a ring of positive energy (left hand)
 p - the ring "Asoumm" (right hand) {rF+ Int+3}
   (You found it on level 5 of the Dungeon)

   [ring of protection from fire]

   It affects your intelligence (+3).
   It protects you from fire.
Wands
 h - a wand of flame (14)
 n - a wand of charming (11)
 w - a wand of iceblast (8)
Scrolls
 a - a scroll of enchant weapon
 c - a scroll of teleportation
 f - 9 scrolls of identify
 i - a scroll of fear
 t - a scroll of magic mapping
Potions
 j - a potion of brilliance
 o - a potion of berserk rage {unknown}
 r - a potion of flight {unknown}
 s - 3 potions of curing {unknown}


   Skills:
 * Level 6.4 Dodging
 - Level 1.5 Stealth
 + Level 8.9 Spellcasting


You couldn't memorise any spells.
You knew the following spells:

 Your Spells              Type           Power      Damage    Failure   Level
a - Foxfire               Conj/Fire      100%       2x1d9     1%          1
b - Conjure Flame         Conj/Fire      97%        6-21      1%          3
c - Inner Flame           Hex/Fire       97%        N/A       1%          3
d - Sticky Flame          Conj/Fire      97%        2d11      1%          4
e - Fireball              Conj/Fire      48%        3d19      6%          5
f - Sting                 Tmut/Pois      100%       1d8       1%          1
g - Corpse Rot            Necr/Air       N/A        N/A       1%          2
h - Call Imp              Summ           77%        N/A       1%          2
i - Dispel Undead         Necr           77%        3d25      1%          4
Your spell library was empty.

Dungeon Overview and Level Annotations

Branches:
Dungeon (8/15)             Temple (1/1) D:4           Sewer (visited)
   Lair: D:8-11

Altars:
Ashenzari
Cheibriados
Dithmenos
Elyvilon
Fedhas
Gozag
Hepliaklqana
Kikubaaqudgha
Makhleb
Nemelex Xobeh
Okawaru
Qazlal
Ru
Sif Muna
Trog
Uskayaw
Vehumet
Wu Jian
Xom
Yredelemnul
Zin
The Shining One

Annotations:
D:5 2 runed translucent doors, experimilk's ghost, novice GrEE


Innate Abilities, Weirdness & Mutations

You are immune to sickness and miasma.
You are immune to poison.
Your flesh is very heat resistant. (rF++)
You are vulnerable to cold. (rC-)
You float through the air rather than walking.
You learn spells naturally, not from books.
Your magical power is your life essence.
You have superior vitality. (+4 HP)


Message History

* * * LOW HITPOINT WARNING * * *
The centaur warrior zombie hits you but does no damage.
The centaur warrior zombie closely misses you.
Casting: Foxfire (safe; 1% risk of failure)
Confirm with . or Enter, or press ? or * to list all spells.
You feel a huge surge of power!
You conjure some foxfire!
* * * LOW HITPOINT WARNING * * *
The foxfire hits the centaur warrior zombie.
The centaur warrior zombie is lightly damaged.
The centaur warrior zombie hits you.
* * * LOW HITPOINT WARNING * * *
The centaur warrior zombie kicks you but does no damage.
Your foxfire dissipates!
The foxfire hits the centaur warrior zombie but does no damage.
The centaur warrior zombie is lightly damaged.
The foxfire hits the centaur warrior zombie.
The centaur warrior zombie is lightly damaged.
The centaur warrior zombie hits you but does no damage.
The centaur warrior zombie closely misses you.
Aiming: Throw Flame
Press: ? - help, Shift-Dir - straight line, f - centaur warrior zombie
Aim: a centaur warrior zombie (lightly damaged, haloed, 98% to hit)
The puff of flame hits the centaur warrior zombie.
The centaur warrior zombie is lightly damaged.
The centaur warrior zombie hits you.
* * * LOW HITPOINT WARNING * * *
The centaur warrior zombie kicks you but does no damage.
It was a potion of magic.
Magic courses through your body.
The centaur warrior zombie barely misses you.
The centaur warrior zombie kicks you but does no damage.
It was a potion of resistance.
You feel protected.
The centaur warrior zombie closely misses you.
The centaur warrior zombie barely misses you. x2
The centaur warrior zombie kicks you but does no damage.
It was a potion of degeneration.
There was something very wrong with that liquid.
You feel weakened.
You feel dopey.
You feel clumsy. The centaur warrior zombie hits you.
You die...

##.#
#...
....
#..#
#..#
#..#
#..#
#.Z#
#.@#
#..#
#...#
#.....
#.....
#...(.#
#.....#
#......


You could see a centaur warrior zombie.

Vanquished Creatures
  Menkaure (D:6)
  A steam dragon (D:6)
  5 water moccasins
  Purgy (Sewer)
  A sky beast (D:6)
  An orc warrior (D:7)
  2 ogres
  A phantom (D:4)
  2 bullfrogs (D:7)
  A gnoll sergeant (D:6)
  A scorpion (D:6)
  2 water moccasin skeletons
  3 wights (D:7)
  A howler monkey (D:6)
  A jelly (D:6)
  4 orc priests
  2 hounds
  Jessica (D:3)
  3 iguanas
  Natasha (twice) (D:2)
  2 orc wizards
  5 adders
  4 gnolls (D:6)
  A shadow imp (D:6)
  3 dart slugs
  9 orcs
  12 bats
  6 endoplasms
  2 giant cockroaches
  4 goblins
  8 hobgoblins
  4 jackals (D:1)
  7 quokkas
  7 ball pythons
  5 frilled lizards
  6 kobolds
  7 rats
128 creatures vanquished.

Vanquished Creatures (collateral kills)
  7 foxfires (D:3)
7 creatures vanquished.

Vanquished Creatures (others)
  425 foxfires
  2 withered plants (D:3)
427 creatures vanquished.

Grand Total: 562 creatures vanquished

Notes
Turn   | Place    | Note
-------+----------+-------------------------------------------
     0 | D:1      | iforget the Djinni Fire Elementalist began the quest for
                  | the Orb.
     0 | D:1      | Reached XP level 1. HP: 15/15 MP: 0/0
   345 | D:1      | Reached XP level 2. HP: 17/21 MP: 0/0
   566 | D:1      | Reached XP level 3. HP: 7/25 MP: 0/0
   566 | D:1      | Learned a level 1 spell: Sting
   929 | D:1      | Reached skill level 3 in Spellcasting
  1958 | D:2      | Noticed Natasha
  2961 | D:2      | Reached XP level 4. HP: 29/31 MP: 0/0
  3008 | D:2      | Killed Natasha
  3288 | D:2      | Noticed Natasha
  3296 | D:2      | Killed Natasha
  3297 | D:2      | Reached XP level 5. HP: 9/35 MP: 0/0
  3297 | D:2      | Learned a level 2 spell: Corpse Rot
  3874 | D:3      | Found a faded altar of an unknown god.
  3977 | D:3      | Reached skill level 4 in Spellcasting
  4164 | D:3      | Noticed Jessica
  4168 | D:3      | Killed Jessica
  4234 | D:3      | Reached XP level 6. HP: 19/40 MP: 0/0
  5245 | D:4      | Reached skill level 5 in Spellcasting
  5464 | D:4      | Noticed an ogre
  5478 | D:4      | Killed an ogre
  5479 | D:4      | Reached XP level 7. HP: 40/45 MP: 0/0
  5479 | D:4      | Learned a level 2 spell: Call Imp
  5665 | D:4      | Found a staircase to the Ecumenical Temple.
  5676 | Temple   | Entered the Ecumenical Temple
  5792 | Temple   | Became a worshipper of the Shining One
  6045 | D:4      | Found an ornate altar of the Wu Jian Council.
  6144 | D:5      | Entered Level 5 of the Dungeon
  6174 | D:5      | Found a glowing drain.
  6304 | Sewer    | Entered a sewer
  6373 | Sewer    | Noticed Purgy
  6391 | Sewer    | Killed Purgy
  6818 | D:5      | Identified the ring "Asoumm" {rF+ Int+3}
  7209 | D:5      | Found a runed translucent door.
  7211 | D:5      | Noticed experimilk's ghost (novice GrEE)
  7399 | D:5      | Found a runed translucent door.
  7483 | D:6      | Reached skill level 6 in Spellcasting
  7483 | D:6      | Noticed a water moccasin
  7487 | D:6      | Reached XP level 8. HP: 42/50 MP: 0/0
  7532 | D:6      | Noticed Menkaure
  7886 | D:6      | Killed Menkaure
  7887 | D:6      | Reached skill level 5 in Dodging
  7895 | D:6      | Reached skill level 7 in Spellcasting
  8236 | D:6      | Reached XP level 9. HP: 47/55 MP: 0/0
  8236 | D:6      | Learned a level 4 spell: Dispel Undead
  8322 | D:6      | Reached skill level 8 in Spellcasting
  8940 | D:7      | Reached * piety under the Shining One
  9304 | D:7      | Identified the +0 ring mail "Iniuniol" {Stlth+}
  9501 | D:8      | HP: 1/55 [centaur warrior zombie (2)]
  9504 | D:8      | Slain by a centaur warrior zombie

Illustrated notes

Levels and vault maps discovered:
D:1:      mainiacjoe_arrival_reflecting_pool, layout_basic
D:2:      layout_basic, uniq_natasha
D:3:      layout_loops_ring, ebering_ecumenical_altar_petrified, uniq_jessica
D:4:      layout_loops_ring, nzn_wu_jian_council_hall,
          minmay_temple_entry_statues_fountains
D:5:      layout_loops_ring, ebering_ghost_sewer_f, portal_sewer_entry_f,
          kennysheep_generic_room_6
D:6:      layout_rooms, uniq_menkaure
D:7:      layout_basic
D:8:      layout_loops_ring, erik_lair_dragon, amethyst_killhole,
          chequers_mini_garden, st_stairs_13
Temple:   grunt_wide_crystal_templ

Skill      XL: |  1  2  3  4  5  6  7  8  9 |
---------------+----------------------------+-----
Spellcasting   | 3 4 5 6 7 8 |  8.9
Dodging        | 3 4 5 6 |  6.4
Stealth        | |  1.5

Action                   |  1- 3 |  4- 6 |  7- 9 || total
-------------------------+-------+-------+-------++-------
Melee: Unarmed           |     9 |     1 |       ||    10
 Cast: Foxfire           |   100 |    91 |   106 ||   297
       Sting             |     2 |     6 |    15 ||    23
       Inner Flame       |       |     1 |     8 ||     9
       Fireball          |       |       |    19 ||    19
Evoke: Wand              |       |       |     1 ||     1
  Use: Scroll            |       |       |     9 ||     9
       Potion            |       |       |     4 ||     4
Armor: Robe              |    11 |     1 |    11 ||    23
Dodge: Dodged            |    30 |     4 |    19 ||    53

Table legend: (Time is in decaauts)
 A = Elapsed time spent in this place.
 B = Non-inter-level travel time spent in this place.
 C = Inter-level travel time spent in this place.
 D = Time resting spent in this place.
 E = Time spent auto-exploring this place.
 F = Levels seen in this place.
 G = Mean time per level.
                   A        B        C        D        E       F      G
               +--------+--------+--------+--------+--------+-----+--------+
         Total |   9505 |   9133 |    372 |   3268 |   4936 |  10 |  950.5 |
       Dungeon |   9089 |   8799 |    290 |   3147 |   4772 |   8 | 1136.1 |
        Temple |    137 |     55 |     82 |      0 |     40 |   1 |  137.0 |
         Sewer |    278 |    278 |      0 |    121 |    124 |   1 |  278.0 |
               +--------+--------+--------+--------+--------+-----+--------+

Top non-repeatable levels by time:
     D:1: 2077 daAuts
     D:2: 1699 daAuts
     D:3: 1365 daAuts
     D:6: 1222 daAuts
     D:5: 1044 daAuts
     D:4: 864 daAuts
     D:7: 808 daAuts
   Sewer: 278 daAuts
  Temple: 137 daAuts
     D:8: 7 daAuts
